 Dungeon Crawl Stone Soup version 0.21.1-1-g345015f (webtiles) character file.

1920 CougarLife the Grappler (level 8, -2/75 HPs)
             Began as a Troll Monk on June 10, 2018.
             Was a Priest of Okawaru.
             Slain by an orc warrior
             ... wielding a +0 halberd
              (11 damage)
             ... on level 6 of the Dungeon.
             The game lasted 00:06:04 (4450 turns).

CougarLife the Grappler (Troll Monk)                Turns: 4450, Time: 00:06:04

Health: -2/75      AC: 18    Str: 20    XL:     8   Next: 95%
Magic:  9/10       EV:  3    Int:  8    God:    Okawaru [***...]
Gold:   369        SH:  0    Dex: 12    Spells: 7/7 levels left

rFire    + . .     SeeInvis .     - Unarmed
rCold    + . .     Gourm    +   (no shield)
rNeg     . . .     Faith    .   v - +0 gold dragon scales
rPois    +         Spirit   .   (helmet restricted)
rElec    .         Reflect  .   f - +0 cloak
rCorr    .         Harm     .   (gloves unavailable)
MR       .....                  (boots unavailable)
Stlth    ..........             (no amulet)
HPRegen  0.62/turn              (no ring)
MPRegen  0.12/turn              (no ring)

@: heroism
A: large, unfitting armour, claws 3, fast metabolism 3, gourmand, regeneration
1, shaggy fur 1, tough skin 2
a: Heroism, Renounce Religion


You were on level 6 of the Dungeon.
You worshipped Okawaru.
Okawaru was most pleased with you.
You were full.

You visited 2 branches of the dungeon, and saw 7 of its levels.

You collected 369 gold pieces.

Inventory:

Missiles
 r - 3 javelins (quivered)
Armour
 f - a +0 cloak (worn)
 v - +0 gold dragon scales (worn)
Wands
 a - a wand of paralysis (30)
 w - a wand of scattershot (7)
Scrolls
 c - a scroll of identify
 h - 5 scrolls of teleportation
 j - a scroll of noise {unknown}
 n - 3 scrolls of magic mapping
 p - a scroll of random uselessness {unknown}
 q - a scroll of amnesia {unknown}
 t - a scroll of blinking {unknown}
 x - a scroll of remove curse {unknown}
Potions
 d - 4 potions of curing {unknown}
 e - 3 potions of ambrosia
 g - 2 potions of might
 i - a potion of haste
 k - a potion of heal wounds {unknown}
 l - 2 potions of lignification
 m - a potion of berserk rage {unknown}
 o - 4 potions of flight {unknown}
 u - 4 potions of agility {unknown}
Comestibles
 b - 10 rations


   Skills:
 - Level 3.0(8.0) Fighting
 - Level 3.0(8.0) Dodging
 - Level 1.0(6.0) Stealth
 - Level 10.0(15.0) Unarmed Combat
 + Level 5.2 Invocations


You had 7 spell levels left.
You didn't know any spells.

Dungeon Overview and Level Annotations

Branches:
Dungeon (6/15)             Temple (1/1) D:4

Altars:
Ashenzari
Cheibriados
Dithmenos
Elyvilon
Fedhas
Hepliaklqana
Kikubaaqudgha
Makhleb
Nemelex Xobeh
Okawaru
Sif Muna
Trog
Vehumet
Wu Jian
Xom
Yredelemnul
Zin
The Shining One


Innate Abilities, Weirdness & Mutations

You are too large for most types of armour.
You have claws for hands.
Your metabolism is lightning-fast.
You like to eat raw meat.
Your natural rate of healing is unusually fast.
You are covered in fur. (AC +1)
You have very tough skin. (AC +2)


Message History

Okawaru accepts your kill.
The orc warrior hits you from afar with a halberd.
* * * LOW HITPOINT WARNING * * *
You scratch the orc wizard but do no damage.
The orc wizard hits you but does no damage.
You barely miss the orc wizard.
The orc warrior hits you from afar with a halberd.
* * * LOW HITPOINT WARNING * * *
You scratch the orc wizard.
The orc wizard is lightly wounded.
The orc wizard hits you but does no damage.
You claw the orc wizard!
The orc wizard is severely wounded.
The orc warrior hits you but does no damage.
The orc wizard hits you but does no damage.
You claw the orc wizard!
You kill the orc wizard!
Okawaru accepts your kill.
The orc warrior hits you from afar with a halberd!
You die...

#.# ######
.#.. #.#
.....# # ##.
#.##.....# #
###....)...#
#...........
#.#..#......
#.#..######.
# #.)####
#.@...#
##)#...#
#.o.....#
#..#....#
#..##.#.#
.... .....
##..# #...
#$># ###
#..#


You could see an orc warrior.

Vanquished Creatures
  Sigmund (D:5)
  Edmund (D:5)
  A sky beast (D:5)
  2 ogres
  The ghost of dec723 the Skirmisher, an amateur DsCK of Xom (D:3)
  2 centaurs (D:5)
  2 scorpions
  4 wights (D:6)
  2 crimson imps
  A hound (D:5)
  4 orc priests
  8 orc wizards
  A centaur skeleton (D:4)
  Ijyb (D:5)
  An iguana (D:5)
  3 worker ants
  Natasha (twice) (D:3)
  2 hound skeletons
  A worker ant zombie (D:3)
  3 gnolls (D:4)
  4 adders
  A shadow imp (D:6)
  An adder zombie (D:3)
  4 worms
  A dart slug (D:3)
  5 leopard geckos
  26 orcs
  8 bats
  3 giant cockroaches
  6 goblins
  7 hobgoblins
  11 jackals
  A quokka (D:5)
  3 frilled lizards
  4 kobolds
  7 rats
135 creatures vanquished.

Notes
Turn   | Place    | Note
-------+----------+-------------------------------------------
     0 | D:1      | CougarLife the Troll Monk began the quest for the Orb.
     0 | D:1      | Reached XP level 1. HP: 22/22 MP: 0/0
   236 | D:1      | Reached XP level 2. HP: 30/31 MP: 1/1
   873 | D:2      | Reached XP level 3. HP: 24/37 MP: 2/2
   927 | D:2      | Found a sparkling altar of Nemelex Xobeh.
  1512 | D:3      | Reached XP level 4. HP: 45/45 MP: 3/3
  1520 | D:3      | Reached skill level 4 in Unarmed Combat
  1534 | D:3      | Noticed Natasha
  1540 | D:3      | Killed Natasha
  1598 | D:3      | Noticed dec723's ghost (amateur DsCK)
  1612 | D:3      | Killed dec723's ghost
  1612 | D:3      | Reached skill level 5 in Unarmed Combat
  1612 | D:3      | Reached XP level 5. HP: 16/53 MP: 4/4
  2071 | D:3      | Found a burning altar of Makhleb.
  2077 | D:3      | Noticed Natasha
  2084 | D:3      | Killed Natasha
  2118 | D:3      | Reached skill level 6 in Unarmed Combat
  2118 | D:3      | Reached XP level 6. HP: 41/61 MP: 5/5
  2491 | D:4      | Reached skill level 7 in Unarmed Combat
  2662 | D:4      | Reached XP level 7. HP: 67/67 MP: 6/6
  2856 | D:4      | Reached skill level 8 in Unarmed Combat
  2862 | D:4      | Paralysed by an orc for 5 turns
  2877 | D:4      | Found a staircase to the Ecumenical Temple.
  2893 | Temple   | Entered the Ecumenical Temple
  3056 | Temple   | Became a worshipper of Warmaster Okawaru
  3056 | Temple   | Reached * piety under Okawaru
  3056 | Temple   | Reached ** piety under Okawaru
  3415 | D:5      | Entered Level 5 of the Dungeon
  3524 | D:5      | Noticed Ijyb
  3528 | D:5      | Killed Ijyb
  3531 | D:5      | Reached skill level 9 in Unarmed Combat
  3567 | D:5      | Reached XP level 8. HP: 75/75 MP: 7/7
  3700 | D:5      | Noticed Sigmund
  3712 | D:5      | Killed Sigmund
  3712 | D:5      | Reached *** piety under Okawaru
  3712 | D:5      | Reached skill level 10 in Unarmed Combat
  3721 | D:5      | Found a bloodstained altar of Trog.
  3894 | D:5      | Noticed Edmund
  3901 | D:5      | Killed Edmund
  4340 | D:6      | Reached skill level 5 in Invocations
  4450 | D:6      | Slain by an orc warrior

Skill      XL: |  1  2  3  4  5  6  7  8 |
---------------+-------------------------+-----
Fighting       | 3 |  3.0
Dodging        | 3 |  3.0
Unarmed Combat | 5 6 7 9 10 | 10.0
Invocations    | 5 |  5.2
Stealth        | |  1.0

Action                   |  1- 3 |  4- 6 |  7- 9 || total
-------------------------+-------+-------+-------++-------
Melee: Unarmed           |   122 |   102 |   222 ||   446
       Punch             |     1 |     1 |     5 ||     7
Invok: Heroism           |       |       |     1 ||     1
  Use: Scroll            |       |     5 |     1 ||     6
 Stab: Sleeping          |     5 |       |       ||     5
  Eat: Chunk             |    19 |    11 |    13 ||    43
Armor: Robe              |    53 |    22 |     4 ||    79
       Gold dragon scale |       |       |   194 ||   194
Dodge: Dodged            |    68 |    63 |    19 ||   150
